 Dungeon Crawl Stone Soup version 0.26-a0-110-g95b6527cb0 (webtiles) character file.

Game seed: 14970091165826974719

4251 MrRokkomies the Archer (level 10, -6/135 HPs)
             Began as a Centaur Hunter on June 23, 2020.
             Was a Believer of Makhleb.
             Mangled by a crocodile (10 damage)
             ... on level 7 of the Dungeon.
             The game lasted 00:16:24 (9243 turns).

MrRokkomies the Archer (Centaur Hunter)             Turns: 9243, Time: 00:16:25

Health: -6/135     AC: 25    Str: 17    XL:     10   Next: 10%
Magic:  14/14      EV:  1    Int: 10    God:    Makhleb [**....]
Gold:   438        SH:  0    Dex: 17    Spells: 9/9 levels left

rFire    . . .     SeeInvis .   b - +2 dagger (venom)
rCold    . . .     Faith    .   (no shield)
rNeg     + + +     Spirit   .   (armour currently unavailable)
rPois    +         Reflect  .   (helmet currently unavailable)
rElec    .         Harm     .   (cloak currently unavailable)
rCorr    .         NoTele   +   (gloves currently unavailable)
MR       .....                  (no barding)
Stlth    ++........             (no amulet)
HPRegen  0.32/turn              w - +4 ring of slaying
MPRegen  0.14/turn              o - +6 ring of dexterity

@: tree-form
A: large
a: Minor Destruction, Renounce Religion


You were on level 7 of the Dungeon.
You worshipped Makhleb.
Makhleb was pleased with you.
You were not hungry.
You were a tree.
You visited 1 branch of the dungeon, and saw 8 of its levels.
You also visited: Sewer.

You collected 528 gold pieces.
You spent 90 gold pieces at shops.

Inventory:

Hand Weapons
 a - a +2 shortbow
 b - a +2 dagger of venom (weapon)
 z - a +5 flail of protection
Missiles
 d - 110 arrows
 C - a throwing net (quivered)
Armour
 c - a +0 leather armour
 j - a +0 scale mail (melded)
 u - a +0 crystal plate armour
 A - a +1 cloak (melded)
Jewellery
 o - a +6 ring of dexterity (right branch)
 w - a +4 ring of slaying (left branch)
 y - a +6 ring of dexterity
Wands
 n - a wand of digging (4)
 t - a wand of paralysis (11)
 v - a wand of random effects (17)
 B - a wand of flame (16)
Scrolls
 g - a scroll of fog
 q - a scroll of remove curse
Potions
 e - 5 potions of flight
 h - a potion of might {unknown}
 i - 2 potions of stabbing {unknown}
 k - 3 potions of lignification
 m - 2 potions of resistance
 p - a potion of ambrosia {unknown}
 r - a potion of brilliance {unknown}
 s - a potion of cancellation {unknown}
Comestibles
 f - 14 rations


   Skills:
 * Level 8.8 Fighting
 * Level 12.1 Bows
 + Level 4.8 Dodging
 - Level 0.4 Stealth
 + Level 6.0 Invocations


You had 9 spell levels left.
You didn't know any spells.
Your spell library contained the following spells:

 Spells                   Type           Power        Failure   Level  Hunger
 Confusing Touch          Hex            #.......     75%         3    ####...
 Gell's Gravitas          Tloc           #.........   75%         3    ####...
 Petrify                  Tmut/Erth      #.......     98%         4    #####..
 Metabolic Englaciation   Hex/Ice        #.........   100%        5    ######.
 Yara's Violent Unravell  Hex/Tmut       #.........   100%        5    ######.


Dungeon Overview and Level Annotations

Branches:
Dungeon (8/15)             Temple (0/1) D:5           Sewer (visited)
   Lair: D:8-11

Altars:
Ashenzari
Cheibriados
Dithmenos
Makhleb
Nemelex Xobeh
Sif Muna
Vehumet
Wu Jian
Xom
Zin
The Shining One

Annotations:
D:7 Harold


Innate Abilities, Weirdness & Mutations

((You have hooves in place of feet.))
((Armour fits poorly on your strangely shaped body.))
((You cover ground very quickly.))
((You have extremely tough skin. (AC +3)))


Message History

The crocodile bites you!
* * * LOW HITPOINT WARNING * * *
Unknown command.
Evoke which item? (* to show all) (? for menu, Esc to quit)
Okay, then.
Throwing (i - inventory)
C - 2 throwing nets (quivered)
Press: ? - help, Shift-Dir - straight line, f/p - crocodile
Aim: a crocodile You throw a throwing net.
The throwing net hits the crocodile.
The crocodile is caught in the net!
The porcupine bites you.
* * * LOW HITPOINT WARNING * * *
The crocodile struggles against the net.
The crocodile bites you but does no damage.
You catch the helpless crocodile completely off-guard!
You hit the crocodile.
The crocodile is poisoned.
The crocodile is moderately wounded.
The porcupine bites you but does no damage.
The crocodile struggles against the net.
The crocodile bites you!
You die...

### #.. #.. #.. #..
#.. #############
#.. #7r.........#
#..
#tt....####'######
#Y.....##.........
#......##....####.
#......##....# #.
#......##....# ##
##......##....#####
#.............#....
#.......#.....#....


You could see a yak, 2 crocodiles and a porcupine.

Vanquished Creatures
  Pikel (D:6)
  Joseph (D:7)
  A hippogriff (D:7)
  A yak (D:8)
  Eustachio (D:4)
  Edmund (D:6)
  A water moccasin (D:6)
  A sky beast (D:7)
  2 phantoms
  2 ogres
  A black bear (D:6)
  5 centaurs
  A big kobold (Sewer)
  3 bullfrogs (D:6)
  A wyvern skeleton (D:4)
  2 scorpions
  6 killer bees (D:7)
  5 wights (D:7)
  3 howler monkeys (D:6)
  2 crimson imps
  A bullfrog zombie (D:5)
  Crazy Yiuf (D:6)
  A centaur zombie (D:7)
  An orc priest (D:6)
  A centaur skeleton (D:5)
  A gnoll shaman (D:6)
  A hound (D:6)
  4 iguanas
  3 orc wizards
  3 worker ants
  A killer bee zombie (D:6)
  A hound skeleton (D:4)
  A worker ant zombie (D:4)
  A howler monkey skeleton (D:6)
  4 gnolls (D:6)
  8 adders
  A river rat (Sewer)
  2 shadow imps (D:6)
  2 oozes
  An adder zombie (D:7)
  An adder skeleton (D:6)
  5 dart slugs
  2 worms
  3 leopard geckos
  7 orcs
  6 giant cockroaches
  7 goblins
  10 hobgoblins
  8 jackals
  4 quokkas
  4 ball pythons
  4 bats
  4 frilled lizards
  A jackal zombie (D:5)
  8 kobolds
  2 leopard gecko zombies (D:6)
  11 rats
167 creatures vanquished.

Vanquished Creatures (others)
  A fungus (D:8)
  2 plants (D:8)
3 creatures vanquished.

Grand Total: 170 creatures vanquished

Notes
Turn   | Place    | Note
-------+----------+-------------------------------------------
     0 | D:1      | MrRokkomies the Centaur Hunter began the quest for the Orb.
     0 | D:1      | Reached XP level 1. HP: 17/17 MP: 1/1
    77 | D:1      | Reached XP level 2. HP: 24/24 MP: 2/2
   733 | D:2      | Reached XP level 3. HP: 27/30 MP: 3/3
   738 | D:2      | Reached skill level 6 in Bows
  1434 | D:2      | Reached XP level 4. HP: 38/38 MP: 4/4
  2322 | D:3      | You fall into a shaft and drop 2 floors!
  2322 | D:5      | Entered Level 5 of the Dungeon
  2322 | D:5      | Found a shadowy altar of Dithmenos.
  2322 | D:5      | Found a shimmering altar of Xom.
  2322 | D:5      | Found a sparkling altar of Nemelex Xobeh.
  2322 | D:5      | Found a shattered altar of Ashenzari.
  2322 | D:5      | Found a snail-covered altar of Cheibriados.
  2322 | D:5      | Found a shimmering blue altar of Sif Muna.
  2322 | D:5      | Found a glowing golden altar of the Shining One.
  2322 | D:5      | Found a burning altar of Makhleb.
  2327 | D:5      | Became a worshipper of Makhleb the Destroyer
  2375 | D:5      | Found a staircase to the Ecumenical Temple.
  2399 | D:5      | Noticed a centaur
  2414 | D:5      | Killed a centaur
  2414 | D:5      | Reached skill level 1 in Invocations
  2414 | D:5      | Reached XP level 5. HP: 15/46 MP: 5/5
  2680 | D:4      | Reached skill level 7 in Bows
  2971 | D:4      | Found a radiant altar of Vehumet.
  3025 | D:4      | Noticed Eustachio
  3043 | D:4      | Killed Eustachio
  3043 | D:4      | Reached XP level 6. HP: 44/52 MP: 5/7
  3074 | D:4      | Found a glowing drain.
  3087 | Sewer    | Entered a sewer
  3315 | Sewer    | Found a glowing silver altar of Zin.
  3382 | D:4      | Reached XP level 7. HP: 57/60 MP: 8/8
  3546 | D:4      | Reached skill level 8 in Bows
  3547 | D:4      | Reached * piety under Makhleb
  3911 | D:4      | Found a shimmering blue altar of Sif Muna.
  3997 | D:4      | Reached skill level 5 in Fighting
  4477 | D:3      | Found a faded altar of an unknown god.
  5384 | D:6      | Reached skill level 9 in Bows
  5384 | D:6      | Reached XP level 8. HP: 70/70 MP: 10/10
  5426 | D:6      | Noticed Edmund
  5497 | D:6      | Killed Edmund
  5827 | D:6      | Found an ornate altar of the Wu Jian Council.
  6040 | D:6      | Found Zin's Purification Station.
  6053 | D:6      | Found a glowing silver altar of Zin.
  6060 | D:6      | Bought a potion of curing for 90 gold pieces
  6362 | D:6      | Found a runed translucent door.
  6363 | D:6      | Noticed Crazy Yiuf
  6383 | D:6      | Killed Crazy Yiuf
  6383 | D:6      | Reached skill level 10 in Bows
  6460 | D:6      | Noticed Pikel
  6471 | D:6      | Killed Pikel
  6471 | D:6      | Reached XP level 9. HP: 79/79 MP: 12/12
  6711 | D:6      | Reached ** piety under Makhleb
  6711 | D:6      | Reached skill level 5 in Invocations
  6975 | D:6      | Reached skill level 11 in Bows
  7420 | D:7      | Noticed Harold
  8548 | D:7      | Noticed Joseph
  8561 | D:7      | Killed Joseph
  8561 | D:7      | Reached skill level 12 in Bows
  8561 | D:7      | Reached XP level 10. HP: 40/90 MP: 14/14
  8855 | D:8      | Noticed a two-headed ogre
  8979 | D:7      | Reached *** piety under Makhleb
  9242 | D:7      | HP: 4/135 [porcupine (6)]
  9243 | D:7      | Mangled by a crocodile

Illustrated notes

Levels and vault maps discovered:
D:1:      mrwooster_arrival_statue, layout_rooms, fountainhead
D:2:      layout_basic, serial_forest, infiniplex_forest_zigzag_1,
          infiniplex_forest_clump_small, infiniplex_forest_side_room,
          infiniplex_forest_split, infiniplex_forest_clump_medium,
          minmay_misc_feat_ornament, lightli_corner_chamber
D:3:      layout_loops_cross, chequers_ecumenical_altar_twisty
D:4:      layout_basic, marbit_many_paths, cheibrodos_sewer_entry_drain,
          first_ration, led_sif_book, uniq_eustachio
D:5:      layout_rooms, grunt_temple_overflow_open, minmay_temple_entry_arrows,
          minivault_19, minmay_misc_feat_columns
D:6:      layout_basic, nicolae_overflow_crystal_walls, zin_purify,
          minmay_fountain_box, kennysheep_diamond, columned_hall_lemuel,
          uniq_pikel, uniq_crazy_yiuf_cottage, uniq_edmund
D:7:      layout_basic, uniq_joseph, uniq_harold
D:8:      layout_rooms, nicolae_ru_sacrificial_ziggurat,
          minmay_lair_entry_grove, grunt_pizzeria, hangedman_decor_peaks_small

Skill      XL: |  1  2  3  4  5  6  7  8  9 10 |
---------------+-------------------------------+-----
Bows           | 6 7 9 10 12 | 12.1
Fighting       | 3 4 5 7 8 |  8.8
Dodging        | 2 3 4 |  4.8
Invocations    | 1 2 3 4 5 6 |  6.0
Stealth        | |  0.4

Action                   |  1- 3 |  4- 6 |  7- 9 | 10-12 || total
-------------------------+-------+-------+-------+-------++-------
Melee: Short sword       |    50 |    71 |       |       ||   121
       Kick              |    10 |    25 |    44 |     6 ||    85
       Rapier            |       |     8 |    21 |       ||    29
       Dagger            |       |       |   151 |    12 ||   163
       Flail             |       |       |     3 |       ||     3
 Fire: Shortbow          |    55 |    79 |   183 |    17 ||   334
Throw: Throwing net      |       |       |       |     1 ||     1
Evoke: Wand              |       |       |     3 |     1 ||     4
  Use: Scroll            |       |    13 |     6 |     2 ||    21
       Potion            |       |     1 |     5 |     2 ||     8
 Stab: Paralysed         |       |       |     3 |       ||     3
       Held in net/web   |       |       |       |     1 ||     1
  Eat: Chunk             |     1 |     5 |    11 |     1 ||    18
       Ration            |       |       |     1 |       ||     1
Armor: Leather armour    |    32 |     7 |       |       ||    39
       Scale mail        |       |    45 |    67 |    18 ||   130
       Skin              |       |       |    11 |     4 ||    15
Dodge: Dodged            |    37 |    55 |    80 |    11 ||   183

Table legend:
 A = Non-vault XP
 B = Vault XP
 C = Vault XP percentage of total XP
 D = Non-vault monster count
 E = Vault monster count
 F = Vault count percentage of total count
                 A         B        C        D         E       F
            +---------+---------+-------+---------+---------+-------
      Total |    4135 |    1938 |  31.9 |     144 |      23 |  13.8
            +---------+---------+-------+---------+---------+-------
        D:1 |      27 |       0 |   0.0 |      12 |       0 |   0.0
        D:2 |      76 |       0 |   0.0 |      25 |       0 |   0.0
        D:3 |      85 |       0 |   0.0 |      22 |       0 |   0.0
        D:4 |     274 |     262 |  48.9 |      11 |       5 |  31.2
        D:5 |     557 |       0 |   0.0 |      14 |       0 |   0.0
        D:6 |    1538 |     899 |  36.9 |      34 |       3 |   8.1
        D:7 |    1543 |     450 |  22.6 |      25 |       1 |   3.8
        D:8 |      35 |     204 |  85.4 |       1 |       2 |  66.7
      Sewer |       0 |     123 | 100.0 |       0 |      12 | 100.0
            +---------+---------+-------+---------+---------+-------
